 Dungeon Crawl Stone Soup version 0.26-a0-259-g1effd001a9 (webtiles) character file.

Game seed: 5133254211884722223

495585 Apogee the Slayer (level 23, -5/266 HPs)
             Began as a Troll Abyssal Knight on July 13, 2020.
             Was a High Priest of Lugonu.
             Slain by an ironheart preserver
             ... wielding a +1 morningstar of protection
              (14 damage)
             ... on level 5 of the Vaults.
             The game lasted 02:57:27 (63787 turns).

Apogee the Slayer (Troll Abyssal Knight)           Turns: 63787, Time: 02:57:29

Health: -5/266     AC: 22    Str: 36    XL:     23   Next: 95%
Magic:  18/26      EV:  3    Int: 10    God:    Lugonu [*****.]
Gold:   5816       SH: 22    Dex:  5    Spells: 22/22 levels left

rFire    + + .     SeeInvis +     - Unarmed
rCold    + . .     Faith    .   l - +0 tower shield {reflect}
rNeg     + . .     Spirit   .   h - +7 gold dragon scales
rPois    +         Reflect  +   N - +2 hat
rElec    .         Harm     .   f - +2 cloak
rCorr    .                      (gloves unavailable)
MR       +....                  (boots unavailable)
Stlth    ..........             (no amulet)
HPRegen  0.94/turn              A - ring of the Turtledove {+Fly rF+ rN+ Str+3}
MPRegen  0.20/turn              M - ring of see invisible

@: about to teleport, flayed, constricted, studying Throwing
A: large, unfitting armour, claws 3, blurry vision 2, clever 1, clumsy 2,
deformed body, fast metabolism 1, low mp 1, regeneration 1, shaggy fur 1, tough
skin 3
}: 2/15 runes: decaying, serpentine
a: Depart the Abyss, Bend Space, Banish, Corrupt, Enter the Abyss, Renounce
Religion, Evoke Flight


You were on level 5 of the Vaults.
You worshipped Lugonu.
Lugonu was extremely pleased with you.
You were not hungry.

You visited 8 branches of the dungeon, and saw 44 of its levels.
You visited the Abyss 4 times.
You also visited: Bailey.

You collected 6320 gold pieces.
You spent 504 gold pieces at shops.

Inventory:

Missiles
 x - 106 large rocks (quivered)
 D - 6 throwing nets
Armour
 f - a +2 cloak (worn)
 h - +7 gold dragon scales (worn)
 k - a cursed +0 cloak
 l - a +0 tower shield of reflection (worn)
 N - a +2 hat (worn)
Jewellery
 a - an uncursed ring of positive energy
 b - a +4 ring of evasion
 i - an uncursed ring of fire
 j - the ring of Ushochoo {rCorr Int-5 Dex+3 SInv}
   (You found it on level 6 of the Lair of Beasts)

   [ring of resist corrosion]

   It affects your intelligence (-5).
   It affects your dexterity (+3).
   It lets you see invisible.
   It provides partial protection from all sources of acid and corrosion.
 o - a +4 ring of protection
 q - an uncursed ring of positive energy
 r - an uncursed ring of ice
 A - the ring of the Turtledove (left claw) {+Fly rF+ rN+ Str+3}
   (You bought it in a shop on level 2 of the Orcish Mines)

   [ring of flight]

   It affects your strength (+3).
   It protects you from fire.
   It protects you from negative energy.
   It lets you fly.
 G - an uncursed ring of teleportation
 M - a ring of see invisible (right claw)
 P - an uncursed ring of stealth
 Q - a +4 ring of evasion
 R - the amulet of Nuoguhie {rPois Regen+ MP-9 Str+9 Int-5}
   (You took it off a deep elf master archer on level 3 of the Elven Halls)

   [amulet of regeneration]

   It affects your strength (+9).
   It affects your intelligence (-5).
   It protects you from poison.
   It affects your magic capacity (-9).
   It increases your rate of regeneration.
 W - an uncursed ring of protection from fire
Wands
 e - a wand of iceblast (26)
 C - a wand of disintegration (46)
 E - a wand of digging (9)
Scrolls
 d - 26 scrolls of identify
 g - 21 scrolls of remove curse
 m - 10 scrolls of teleportation
 t - 4 scrolls of fog
 F - 5 scrolls of magic mapping
 H - 6 scrolls of enchant weapon
 O - 3 scrolls of fear
 S - 2 scrolls of blinking
 T - 8 scrolls of amnesia
 X - a scroll of brand weapon
Potions
 n - 3 potions of invisibility
 p - 25 potions of curing
 s - 5 potions of ambrosia
 u - 2 potions of heal wounds
 v - 2 potions of cancellation
 w - a potion of resistance
 z - 8 potions of magic
 B - 10 potions of brilliance
 I - 6 potions of flight
 L - 7 potions of might
 Z - 5 potions of haste
Books
 K - a manual of Throwing
Miscellaneous
 y - 4 phantom mirrors
Comestibles
 c - 104 rations


   Skills:
 + Level 22.7 Fighting
   Level 1.7 Maces & Flails
 - Level 9.9 Throwing
 + Level 14.2 Dodging
 - Level 15.0 Shields
 - Level 17.1 Unarmed Combat
 - Level 10.0 Invocations
 - Level 5.0 Evocations


You had 22 spell levels left.
You didn't know any spells.
Your spell library contained the following spells:

 Spells                   Type           Power        Failure   Level
 Animate Skeleton         Necr           #.....       100%        1
 Corona                   Hex            #......      100%        1
 Foxfire                  Conj/Fire      #...         100%        1
 Freeze                   Ice            #...         100%        1
 Infusion                 Chrm           #...         100%        1
 Magic Dart               Conj           #...         100%        1
 Pain                     Necr           #...         100%        1
 Sandblast                Erth           #.....       100%        1
 Summon Small Mammal      Summ           #...         100%        1
 Blink                    Tloc           N/A          100%        2
 Call Imp                 Summ           #.......     100%        2
 Corpse Rot               Necr/Air       N/A          100%        2
 Ensorcelled Hibernation  Hex/Ice        #.....       100%        2
 Searing Ray              Conj           #.....       100%        2
 Shroud of Golubria       Chrm/Tloc      #.....       100%        2
 Slow                     Hex            #.......     100%        2
 Song of Slaying          Chrm           #.......     100%        2
 Sticks to Snakes         Tmut           #.......     100%        2
 Sublimation of Blood     Necr           #.........   100%        2
 Call Canine Familiar     Summ           #.......     100%        3
 Confusing Touch          Hex            #.......     100%        3
 Conjure Flame            Conj/Fire      #.......     100%        3
 Dazzling Flash           Conj/Hex       #.....       100%        3
 Frozen Ramparts          Ice            #.....       100%        3
 Ignite Poison            Fire/Tmut/Pois #.......     100%        3
 Inner Flame              Hex/Fire       #.......     100%        3
 Mephitic Cloud           Conj/Pois/Air  #.......     100%        3
 Ozocubu's Armour         Chrm/Ice       #.......     100%        3
 Recall                   Summ/Tloc      N/A          100%        3
 Spectral Weapon          Hex/Chrm       #.......     100%        3
 Spider Form              Tmut/Pois      #.........   100%        3
 Stone Arrow              Conj/Erth      #.....       100%        3
 Summon Guardian Golem    Hex/Summ       #.......     100%        3
 Teleport Other           Tloc           #.......     100%        3
 Tukima's Dance           Hex            #.......     100%        3
 Vampiric Draining        Necr           #.........   100%        3
 Animate Dead             Necr           #.........   100%        4
 Cause Fear               Hex            #.........   100%        4
 Dispel Undead            Necr           #.......     100%        4
 Fulminant Prism          Conj/Hex       #.........   100%        4
 Hailstorm                Conj/Ice       #.......     100%        4
 Iskenderun's Mystic Bla  Conj/Tloc      #.......     100%        4
 Sticky Flame             Conj/Fire      #.......     100%        4
 Summon Ice Beast         Ice/Summ       #.......     100%        4
 Summon Lightning Spire   Summ/Air       #.......     100%        4
 Agony                    Necr           #.......     100%        5
 Aura of Abjuration       Summ           #.........   100%        5
 Blade Hands              Tmut           #.........   100%        5
 Borgnjor's Vile Clutch   Necr/Erth      #.........   100%        5
 Excruciating Wounds      Chrm/Necr      #.........   100%        5
 Fireball                 Conj/Fire      #.........   100%        5
 Irradiate                Conj/Tmut      #.........   100%        5
 Iskenderun's Battlesphe  Conj/Chrm      #.......     100%        5
 Metabolic Englaciation   Hex/Ice        #.........   100%        5
 Silence                  Hex/Air        #.........   100%        5
 Summon Demon             Summ           #.........   100%        5
 Summon Forest            Summ/Tloc      #.........   100%        5
 Summon Mana Viper        Hex/Summ       #.......     100%        5
 Yara's Violent Unravell  Hex/Tmut       #.........   100%        5
 Death Channel            Necr           #.........   100%        6
 Dispersal                Tloc           #.........   100%        6
 Eringya's Noxious Bog    Tmut/Pois      #.........   100%        6
 Hydra Form               Tmut           #.........   100%        6
 Shadow Creatures         Summ           N/A          100%        6
 Simulacrum               Ice/Necr       #.........   100%        6
 Statue Form              Tmut/Erth      #........    100%        6
 Dragon Form              Tmut           #.........   100%        7
 Haunt                    Necr/Summ      #.........   100%        7
 Orb of Destruction       Conj           #.........   100%        7
 Ring of Flames           Chrm/Fire      #.........   100%        7
 Summon Hydra             Summ           #.........   100%        7
 Borgnjor's Revivificati  Necr           #.........   100%        8
 Death's Door             Chrm/Necr      #.........   100%        8
 Discord                  Hex            #.........   100%        8
 Infestation              Necr           #.........   100%        8
 Necromutation            Tmut/Necr      #.........   100%        8


Dungeon Overview and Level Annotations

Branches:
Dungeon (15/15)            Temple (0/1) D:7            Lair (6/6) D:8
  Swamp (4/4) Lair:4        Snake (4/4) Lair:3        Slime (0/5) Lair:5
    Orc (2/2) D:9             Elf (3/3) Orc:2        Vaults (5/5) D:14
  Crypt (0/3) Vaults:3     Depths (5/5) D:15            Zot (0/5) Depths:5
 Bailey (visited)

Altars:
Ashenzari
Cheibriados
Elyvilon
Hepliaklqana
Kikubaaqudgha
Makhleb
Nemelex Xobeh
Qazlal
Uskayaw
Vehumet
Xom
Zin
The Shining One
Beogh

Shops:
D:15 [   Orc:2 [(=(   Elf:2 [   Vaults:1 %

Portals:
Hell: Depths:1 Depths:2 Depths:3 Depths:4 Depths:5
Abyss: Orc:1 Depths:4 Depths:5
Pandemonium: Depths:1 Depths:3
Ziggurat: Depths:5

Annotations:
D:11 Frances
Orc:1 2 transporters, Neptetom's ghost, journeyman GnCj
Elf:2 5 runed translucent doors, exclusion: 5 doors
Elf:3 corrupted
Vaults:2 corrupted
Vaults:5 corrupted
Depths:5 corrupted


Innate Abilities, Weirdness & Mutations

You are too large for most types of armour.
You have claws for hands.
You have a fast metabolism.
Your natural rate of healing is unusually fast.
You are covered in fur. (AC +1)
You have extremely tough skin. (AC +3)
Scrolls take you longer to read.
Your mind is acute. (Int +2)
You are very clumsy. (Dex -4)
Armour fits poorly on your strangely shaped body.
Your magical capacity is low. (-10% MP)


Message History

The vault guard hits you but does no damage.
You block the vault guard's attack.
The vault guard hits the large abomination but does no damage.
A vault sentinel comes into view. It is wielding a +0 war axe.
The deep elf death mage skeleton hits the starcursed mass but does no damage.
The iron imp barely misses the flayed ghost.
The quasit closely misses something.
The quasit claws something but does no damage. x2
The shadow dragon zombie bites the vault guard but does no damage.
The shadow dragon zombie claws the vault guard.
The shadow dragon zombie closely misses the vault guard.
The large abomination barely misses the deep elf high priest.
The ettin hits the small abomination with a +0 dire flail!!!
The small abomination is destroyed!
The vault guard hits you with a +0 great sword.
* * * LOW HITPOINT WARNING * * *
The vault guard hits you with a +0 dire flail!
* * * LOW HITPOINT WARNING * * *
The ironheart preserver hits you with a +1 morningstar of protection!
You die...

## #c#.p..# ..
# .##.....3#...
.#....v...##.z
....v3.34pZ..
.####.5W..ZZXX.
.....ohpp.X..#.
.5...DppspeX...
....#pp@XpYD...
.x5..Xpppp.#...
#.p#4pp#pp.5###
. .*p*.pp.X...#
H.##W##.Z..#C.#
. #e.#.w..# T.
D..#....# c
.e..#....#


You could see a shadow dragon, 2 tentacled monstrosities, an ironheart
preserver, a storm dragon, a sphinx, 2 vault wardens, 2 yaktaur captains, 15
vault guards, a deep elf death mage, an ettin, a flayed ghost, a wolf spider, a
deep troll, a vault sentinel (wandering), a deep elf high priest, an ironbrand
convoker, a deep elf mage, a necromancer, a warg, 2 lost souls, a deep elf high
priest simulacrum, an orc, a deep elf death mage skeleton, an ettin skeleton, a
neutral bone dragon (summoned), 2 neutral starcursed masses, a neutral spatial
maelstrom (summoned), a neutral spatial vortex (wandering), a neutral orange
demon (summoned), 3 neutral large abominations, a neutral freezing wraith
(summoned), a neutral smoke demon (summoned), 2 neutral ynoxinuls, a neutral
chaos spawn (summoned), a neutral sky beast (summoned), a neutral small
abomination (summoned), a neutral starspawn tentacle, a neutral iron imp
(summoned), a neutral wight (summoned), a neutral quasit (summoned), a neutral
crimson imp (summoned), a neutral white imp (summoned) and a neutral shadow
dragon zombie (summoned).

Vanquished Creatures
  A juggernaut (Depths:3)
  Bai Suzhen (D:15)
  Saint Roka (Elf:3)
  A caustic shrike (Abyss:1)
  Nikola (Swamp:1)
  3 golden dragons
  4 bone dragons
  5 tentacled monstrosities
  Jorgrun (Snake:1)
  3 liches
  A deep elf blademaster (Elf:3)
  A deep elf master archer (Elf:3)
  Asterion (Vaults:3)
  2 sphinxes
  2 tentacled starspawn (Abyss:2)
  An Executioner (Abyss:1)
  3 thorn hunters
  Kirke (Swamp:1)
  2 shadow dragons
  2 storm dragons
  Donald (Snake:1)
  3 tengu reavers
  4 fire giants
  5 nagarajas (Snake:4)
  4 deep elf sorcerers
  An iron dragon (Depths:5)
  12 frost giants
  Louise (Elf:3)
  9 vault wardens
  Aizul (Elf:2)
  A draconian scorcher (Depths:5)
  2 balrugs
  2 spriggan defenders
  A war gargoyle (Vaults:4)
  4 ironheart preservers
  21 stone giants
  2 ghouls (Vaults:3)
  5 vampire knights
  A deep elf demonologist (Elf:2)
  6 very ugly things
  A black draconian (Depths:5)
  2 yellow draconians
  3 spark wasps
  A lorocyproca (Abyss:1)
  Azrael (Orc:2)
  3 deep elf annihilators
  8 ettins
  11 fire dragons
  A quicksilver dragon zombie (Abyss:1)
  2 blizzard demons
  2 deep elf death magi
  6 yaktaur captains
  Snorg (D:12)
  The ghost of Soopleu the Grappler, a journeyman DrTm of Uskayaw (Lair:2)
  8 great orbs of eyes
  Fannar (Orc:1)
  11 vault guards
  15 naga warriors
  Harold (Orc:1)
  7 hydras
  8 rakshasas
  A spriggan air mage (Depths:3)
  A merfolk avatar (Lair:6)
  Erica (Lair:2)
  12 ice dragons
  2 shambling mangroves
  7 centaur warriors
  29 anacondas
  A death knight (D:13)
  The ghost of Yorgos the Archer, a novice CeHu of Okawaru (D:8)
  30 two-headed ogres
  12 alligators
  The ghost of jlcercos the Eclecticist, a journeyman SpCj of Kikubaaqudgha (Swamp:1)
  12 dancing weapons
  4 deep troll shamans
  15 ogre magi
  3 hell hogs (Abyss:1)
  A death yak (shapeshifter) (Depths:3)
  11 deep troll earth magi
  2 orc high priests (Orc:2)
  6 tengu warriors
  7 thrashing horrors
  16 naga sharpshooters
  4 sun demons
  6 spriggan berserkers
  4 vampire magi
  9 shock serpents
  12 deep elf knights
  A soul eater (Abyss:2)
  2 hell knights
  2 shadow wraiths
  2 wretched stars
  A deep troll (shapeshifter) (Vaults:4)
  43 slime creatures
  An iron troll (Depths:5)
  6 skeletal warriors
  6 salamander mystics
  A storm dragon skeleton (Vaults:4)
  3 wizards
  5 glowing orange brains
  A spriggan druid (Swamp:4)
  5 unseen horrors
  25 deep trolls
  2 flayed ghosts
  A shadow demon (Abyss:2)
  13 swamp dragons
  A shadow dragon zombie (D:15)
  9 naga ritualists
  An unseen horror (shapeshifter) (Depths:2)
  9 harpies
  14 deep elf archers
  A phantasmal warrior (D:13)
  10 mana vipers
  6 necromancers
  12 orc knights
  12 ironbrand convokers
  31 starcursed masses
  A stone giant zombie (Depths:1)
  2 tengu zombies
  43 deep elf magi
  4 lindwurms (Snake:4)
  A sphinx zombie (Depths:1)
  A mana viper (shapeshifter) (Depths:2)
  39 ugly things
  A fire giant zombie (Vaults:4)
  An oklob plant (Lair:6)
  A frost giant zombie (Depths:1)
  6 cyclopes
  3 worldbinders
  A faun (shapeshifter) (Depths:4)
  4 wolf spiders
  4 orc sorcerers
  10 salamanders
  An iron dragon skeleton (Abyss:2)
  A shining eye (Depths:5)
  A wolf spider (shapeshifter) (Depths:3)
  A manticore (shapeshifter) (D:15)
  2 elephants
  35 black mambas
  A manticore (D:13)
  A guardian serpent (shapeshifter) (D:14)
  A rust devil (Abyss:1)
  A stone giant skeleton (Depths:2)
  5 guardian serpents (Snake:4)
  14 vault sentinels
  2 black mambas (shapeshifter) (Depths:2)
  4 smoke demons
  A gargoyle (D:8)
  18 naga magi
  3 apocalypse crabs
  An eye of devastation (Depths:5)
  5 spectral swamp worms (Depths:1)
  2 rime drakes (Lair:6)
  24 cane toads
  Maggie (D:10)
  A spriggan skeleton (Depths:2)
  2 efreet
  A hellion (Abyss:2)
  18 komodo dragons
  25 yaktaurs
  4 kobold demonologists
  4 ice devils (Depths:1)
  10 freezing wraiths
  A tengu conjurer (Depths:4)
  3 hellwings
  5 ancient zymes
  7 trolls
  18 hornets
  A harpy zombie (D:14)
  A queen bee (Lair:1)
  A troll (shapeshifter) (D:10)
  3 wind drakes (Lair:6)
  A wind drake (shapeshifter) (Elf:2)
  2 polar bears (shapeshifter) (Vaults:1)
  7 polar bears
  11 tyrant leeches
  2 hornets (shapeshifter)
  14 large abominations
  5 raiju
  10 blink frogs
  9 bog bodies
  A fire dragon zombie (D:15)
  An ettin zombie (Depths:1)
  A meliai zombie (D:11)
  3 shadows
  A raiju (shapeshifter) (Vaults:4)
  An ice dragon skeleton (D:15)
  12 spriggans
  5 hippogriffs
  6 air elementals
  A ynoxinul (Abyss:1)
  2 fire dragon skeletons
  A vampire (Abyss:1)
  6 wraiths
  9 basilisks
  5 water elementals
  7 wyverns
  3 fire elementals
  An elf zombie (Vaults:4)
  33 yaks
  8 hogs
  A human (shapeshifter) (Vaults:2)
  A human (D:7)
  25 vampire mosquitoes
  A catoblepas simulacrum (Abyss:2)
  8 chaos spawn
  5 neqoxecs
  2 human simulacra
  A basilisk (shapeshifter) (Vaults:2)
  27 nagas
  5 wargs
  A soldier ant (D:13)
  21 swamp worms
  6 insubstantial wisps (Swamp:4)
  4 hell hounds (Orc:2)
  18 water moccasins
  4 floating eyes
  2 porcupines
  5 sky beasts
  Duvessa (D:7)
  A black bear (shapeshifter) (Depths:3)
  2 hornet zombies
  19 swamp drakes
  5 ice beasts
  2 black bears
  4 eyes of draining
  42 orc warriors
  An eye of draining (shapeshifter) (Depths:5)
  4 phantoms
  16 wolves
  14 centaurs
  31 ogres
  6 boggarts
  11 crocodiles
  4 big kobolds
  12 bullfrogs
  4 earth elementals
  A gnoll sergeant (Orc:2)
  A wyvern zombie (D:10)
  Dowan (D:7)
  A glowing shapeshifter simulacrum (Depths:2)
  14 small abominations
  3 scorpions
  3 wyvern skeletons
  2 water moccasin skeletons
  39 killer bees
  16 wights
  4 electric eels
  6 crimson imps (Depths:1)
  2 centaur zombies
  5 quasits
  5 jellies
  28 orc priests
  6 bullfrog skeletons
  9 hounds
  32 orc wizards
  7 iguanas
  4 iron imps
  Jessica (D:3)
  14 worker ants
  18 gnolls
  10 adders
  A shadow imp (Abyss:2)
  23 white imps
  6 ufetubi
  An ooze (D:2)
  An adder skeleton (D:7)
  2 adder zombies
  7 worms
  10 dart slugs
  6 leopard geckos
  110 orcs
  2 ball pythons
  6 bats
  5 giant cockroaches
  9 goblins
  11 hobgoblins
  12 jackals
  18 kobolds
  2 quokkas
  8 frilled lizards
  A jackal skeleton (D:5)
  A leopard gecko skeleton (D:4)
  6 rats
  A briar patch (Swamp:3)
  2 lurking horrors (Abyss:1)
  A plant (Depths:5)
  4 starspawn tentacles (Abyss:2)
1977 creatures vanquished.

Vanquished Creatures (others)
  Boris (Depths:5)
  the Enchantress (Depths:5)
  2 deep elf master archers (Elf:3)
  2 deep elf blademasters (Elf:3)
  A sphinx (Vaults:2)
  A tengu reaver (Vaults:2)
  5 deep elf sorcerers (Elf:3)
  A vault warden (Vaults:2)
  A caustic shrike zombie (Depths:1)
  A draconian scorcher (Depths:5)
  3 deep elf elementalists (Elf:3)
  3 stone giants
  An ironheart preserver (Vaults:2)
  2 spriggan defenders (Depths:5)
  A yellow draconian (Depths:5)
  A deep elf demonologist (Elf:3)
  A red draconian (Depths:5)
  6 deep elf annihilators (Elf:3)
  A white draconian (Depths:5)
  A deep elf death mage (Elf:3)
  3 deep elf high priests (Elf:3)
  2 spriggan air magi (Depths:5)
  A yaktaur captain (Depths:5)
  A ghost crab (Swamp:3)
  16 hydras
  A centaur warrior (Vaults:2)
  3 orc high priests (Orc:2)
  A spriggan berserker (Depths:5)
  2 skeletal warriors (Vaults:2)
  A deep troll (Depths:5)
  A wizard (Vaults:2)
  A spriggan druid (Swamp:4)
  5 deep elf magi
  A necromancer (Depths:1)
  A cyclops (Vaults:2)
  A black mamba (Snake:1)
  A vault sentinel (Vaults:2)
  A yaktaur (Depths:5)
  4 spriggans (Depths:5)
  A small abomination (Abyss:2)
  A human (Swamp:1)
  2 nagas (Snake:4)
  2 orc warriors
  An ogre (Vaults:3)
  A bullfrog (Lair:3)
  A crimson imp (Depths:1)
  An orc wizard (Orc:1)
  A white imp (Depths:1)
  3 orcs
  2 briar patches (Swamp:4)
  4 fungi
  A lurking horror (Abyss:2)
  46 plants
  15 starspawn tentacles
165 creatures vanquished.

Grand Total: 2142 creatures vanquished

Notes
Turn   | Place    | Note
-------+----------+-------------------------------------------
     0 | Abyss:1  | Apogee the Troll Abyssal Knight began the quest for the
                  | Orb.
     0 | Abyss:1  | Reached XP level 1. HP: 22/22 MP: 1/1
    27 | Abyss:1  | Noticed a raiju
    38 | Abyss:1  | Noticed a quasit
    52 | D:1      | Escaped the Abyss
   196 | D:1      | Reached * piety under Lugonu
   203 | D:1      | Reached skill level 1 in Unarmed Combat
   207 | D:1      | Reached XP level 2. HP: 25/29 MP: 2/2
   576 | D:1      | Reached XP level 3. HP: 36/36 MP: 3/3
  1007 | D:1      | Reached skill level 3 in Fighting
  1144 | D:1      | Reached XP level 4. HP: 10/45 MP: 4/4
  1511 | D:2      | Reached ** piety under Lugonu
  1643 | D:2      | Reached XP level 5. HP: 53/53 MP: 5/5
  2097 | D:3      | Reached XP level 6. HP: 58/62 MP: 6/6
  2339 | D:3      | Reached skill level 5 in Unarmed Combat
  2597 | D:3      | Noticed Jessica
  2603 | D:3      | Killed Jessica
  2627 | D:3      | Gained mutation: You are occasionally teleported next to
                  | monsters. [potion of mutation]
  2627 | D:3      | Gained mutation: Your flesh is cold resistant. (rC+)
                  | [potion of mutation]
  2733 | D:4      | Reached skill level 4 in Fighting
  2839 | D:4      | Reached *** piety under Lugonu
  2910 | D:4      | Reached XP level 7. HP: 45/70 MP: 7/7
  2989 | D:4      | Found a glowing golden altar of the Shining One.
  2989 | D:4      | Found a shattered altar of Ashenzari.
  3535 | D:5      | Entered Level 5 of the Dungeon
  3959 | D:5      | Reached skill level 5 in Fighting
  4345 | D:6      | Reached XP level 8. HP: 77/80 MP: 8/8
  4444 | D:6      | Reached **** piety under Lugonu
  5557 | D:7      | Reached skill level 6 in Fighting
  5595 | D:7      | Found a flagged portal.
  5635 | D:7      | Reached XP level 9. HP: 33/89 MP: 9/9
  5711 | Bailey   | Entered a bailey
  5912 | D:7      | Found a staircase to the Ecumenical Temple.
  5923 | D:7      | Noticed Dowan
  5923 | D:7      | Noticed Duvessa
  5937 | D:7      | Killed Duvessa
  5945 | D:7      | Killed Dowan
  6135 | D:7      | Reached skill level 10 in Unarmed Combat
  6210 | D:7      | Found a sparkling altar of Nemelex Xobeh.
  6264 | D:7      | Reached skill level 7 in Fighting
  6403 | D:7      | Reached ***** piety under Lugonu
  6577 | D:7      | Found a shimmering altar of Xom.
  6594 | D:7      | Found an ancient bone altar of Kikubaaqudgha.
  6691 | D:8      | Noticed a gargoyle
  6705 | D:8      | Killed a gargoyle
  6705 | D:8      | Reached XP level 10. HP: 102/102 MP: 12/12
  6794 | D:8      | Found a staircase to the Lair.
  6891 | D:8      | Found a radiant altar of Vehumet.
  7088 | D:8      | Found a runed translucent gate.
  7089 | D:8      | Found a runed translucent gate.
  7090 | D:8      | Found a runed translucent gate.
  7105 | D:8      | Noticed Yorgos's ghost (novice CeHu)
  7125 | D:8      | Reached skill level 8 in Fighting
  7489 | D:8      | Noticed a two-headed ogre
  7498 | D:8      | Killed a two-headed ogre
  7750 | D:9      | Noticed a two-headed ogre
  7758 | D:9      | Killed a two-headed ogre
  7758 | D:9      | Reached skill level 5 in Invocations
  7760 | D:9      | Paralysed by a hornet for 2 turns
  7767 | D:9      | Paralysed by a hornet for 2 turns
  8251 | D:9      | Found a glowing golden altar of the Shining One.
  8297 | D:9      | Found a hazy altar of Hepliaklqana.
  8361 | D:9      | Found a staircase to the Orcish Mines.
  8464 | D:10     | Entered Level 10 of the Dungeon
  8551 | D:10     | Reached XP level 11. HP: 113/113 MP: 14/14
  8587 | D:10     | Reached skill level 9 in Fighting
  8611 | D:10     | Noticed Maggie
  8622 | D:10     | Killed Maggie
  9041 | D:10     | Killed an unseen horror
  9787 | D:11     | Reached ****** piety under Lugonu
  9848 | D:11     | Noticed a six-headed hydra
  9849 | D:11     | Banished a six-headed hydra
 10050 | D:11     | Got a crude robe
 10165 | D:12     | Reached skill level 10 in Fighting
 10189 | D:12     | Noticed a red ugly thing
 10291 | Lair:1   | Entered Level 1 of the Lair of Beasts
 10641 | Lair:1   | Reached XP level 12. HP: 126/126 MP: 15/17
 10702 | Lair:1   | Identified the cursed +1 robe of Pride {*Corrode rN+ Str+2
                  | SInv} (You found it on level 11 of the Dungeon)
 10799 | Lair:1   | Reached skill level 1 in Shields
 11408 | Lair:2   | Noticed Erica
 11410 | Lair:2   | Killed Erica
 11513 | Lair:2   | Found a runed translucent gate.
 11513 | Lair:2   | Found a runed translucent gate.
 11513 | Lair:2   | Found a runed translucent gate.
 11536 | Lair:2   | Noticed Soopleu's ghost (journeyman DrTm)
 11665 | Lair:2   | Noticed a six-headed hydra
 11669 | Lair:2   | Banished a six-headed hydra
 12241 | Lair:3   | Found a hide-covered altar of Uskayaw.
 12257 | Lair:3   | Noticed a four-headed hydra
 12261 | Lair:3   | Banished a four-headed hydra
 12494 | Lair:3   | Reached skill level 5 in Shields
 12671 | Lair:3   | Found a staircase to the Snake Pit.
 12873 | Lair:3   | Noticed a six-headed hydra
 12876 | Lair:3   | Banished a six-headed hydra
 13563 | Snake:1  | Entered Level 1 of the Snake Pit
 13832 | Lair:4   | Reached skill level 11 in Fighting
 13849 | Lair:4   | Found a staircase to the Swamp.
 13858 | Lair:4   | Reached XP level 13. HP: 98/137 MP: 18/18
 15005 | D:12     | Noticed Frances
 15211 | D:12     | Noticed Snorg
 15230 | D:12     | Killed Snorg
 15829 | D:12     | Lost mutation: Your flesh is cold resistant. (rC+) [potion
                  | of mutation]
 15829 | D:12     | Gained mutation: You tend to lose your temper in combat.
                  | [potion of mutation]
 15829 | D:12     | Gained mutation: Scrolls take you a little longer to read.
                  | [potion of mutation]
 15829 | D:12     | Gained mutation: Your flesh is heat resistant. (rF+)
                  | [potion of mutation]
 15947 | D:8      | Lost mutation: You tend to lose your temper in combat.
                  | [potion of mutation]
 15947 | D:8      | Lost mutation: Your flesh is heat resistant. (rF+) [potion
                  | of mutation]
 15947 | D:8      | Gained mutation: You are robust. (+10% HP) [potion of
                  | mutation]
 15947 | D:8      | Gained mutation: You expend magic power (3 MP) to
                  | strengthen your wands. [potion of mutation]
 15947 | D:8      | Lost mutation: Scrolls take you a little longer to read.
                  | [potion of mutation]
 15947 | D:8      | Gained mutation: Your muscles are strong. (Str +2) [potion
                  | of mutation]
 16702 | D:13     | Found a stormy altar of Qazlal.
 17200 | D:14     | Found a gate to the Vaults.
 17486 | D:14     | Identified the Guide on Ashen Heat
 17770 | D:15     | Entered Level 15 of the Dungeon
 17780 | D:15     | Found Huxy's Armour Boutique.
 17782 | D:15     | Reached XP level 14. HP: 159/162 MP: 19/19
 17828 | D:15     | Found a white marble altar of Elyvilon.
 17972 | D:15     | Reached skill level 12 in Fighting
 18008 | D:15     | Found a staircase to the Depths.
 18045 | D:15     | Reached skill level 15 in Unarmed Combat
 18281 | D:15     | Got a creamy pearl robe
 18999 | Lair:5   | Reached skill level 1 in Throwing
 19175 | Lair:5   | Found a staircase to the Slime Pits.
 19488 | Lair:5   | Identified the +0 robe of Tenacity {Str+3} (You found it on
                  | level 15 of the Dungeon)
 19554 | Lair:5   | Lost mutation: You are robust. (+10% HP) [potion of
                  | mutation]
 19554 | Lair:5   | Lost mutation: Your muscles are strong. (Str +2) [potion of
                  | mutation]
 19554 | Lair:5   | Lost mutation: You are occasionally teleported next to
                  | monsters. [potion of mutation]
 19554 | Lair:5   | Gained mutation: You have supernaturally acute eyesight.
                  | (SInv) [potion of mutation]
 19554 | Lair:5   | Gained mutation: Your mind is acute. (Int +2) [potion of
                  | mutation]
 19556 | Lair:6   | Entered Level 6 of the Lair of Beasts
 20309 | Lair:6   | Found a glowing silver altar of Zin.
 20641 | Lair:6   | Got a smoking tin ring
 20642 | Lair:6   | Identified the ring of Ushochoo {rCorr Int-5 Dex+3 SInv}
                  | (You found it on level 6 of the Lair of Beasts)
 21341 | Orc:1    | Entered Level 1 of the Orcish Mines
 21394 | Orc:1    | Noticed a stone giant
 21402 | Orc:1    | Banished a stone giant
 21402 | Orc:1    | Reached skill level 13 in Fighting
 21558 | Orc:1    | Found a roughly hewn altar of Beogh.
 21575 | Orc:1    | Reached XP level 15. HP: 79/159 MP: 20/20
 21577 | Orc:1    | Noticed Fannar
 21717 | Orc:1    | Noticed Harold
 21725 | Orc:1    | Killed Fannar
 21725 | Orc:1    | Reached skill level 5 in Dodging
 21739 | Orc:1    | Killed Harold
 21844 | Orc:1    | Found a transporter.
 21844 | Orc:1    | Noticed Neptetom's ghost (journeyman GnCj)
 21845 | Orc:1    | Identified the +10 scimitar of Youthful Indiscretion
                  | {distort, rF+ Str+4}
 21845 | Orc:1    | Noticed an orc warlord
 22055 | Orc:1    | Found a one-way gate to the infinite horrors of the Abyss.
 22056 | Orc:1    | Found a transporter.
 22260 | D:8      | Killed Yorgos's ghost
 22369 | Lair:2   | Killed Soopleu's ghost
 22845 | Orc:2    | Entered Level 2 of the Orcish Mines
 23091 | Orc:2    | Noticed Azrael
 23115 | Orc:2    | Killed Azrael
 24349 | Orc:2    | Found a staircase to the Elven Halls.
 24477 | Orc:2    | Found Dokothre's Armour Shop.
 24480 | Orc:2    | Found Good's Jewellery Shop.
 24481 | Orc:2    | Found Woilueqep's Weapon Shop.
 24482 | Orc:2    | Found Gimeokloil's Weapon Boutique.
 24620 | Orc:2    | Bought the ring of the Turtledove {+Fly rF+ rN+ Str+3} for
                  | 504 gold pieces
 24867 | Swamp:1  | Entered Level 1 of the Swamp
 24898 | Swamp:1  | Found a runed translucent door.
 24911 | Swamp:1  | Noticed Nikola
 24929 | Swamp:1  | Killed Nikola
 25194 | Swamp:1  | Noticed Kirke
 25216 | Swamp:1  | Killed Kirke
 25216 | Swamp:1  | Reached skill level 1 in Evocations
 25515 | Swamp:1  | Noticed jlcercos's ghost (journeyman SpCj)
 25529 | Swamp:1  | Killed jlcercos's ghost
 25537 | Swamp:1  | Got a pitted hand crossbow
 26197 | Swamp:2  | Reached XP level 16. HP: 163/171 MP: 21/21
 26278 | Swamp:2  | Reached skill level 14 in Fighting
 27714 | Swamp:3  | Noticed a thorn hunter
 27727 | Swamp:3  | Killed a thorn hunter
 27814 | Swamp:4  | Entered Level 4 of the Swamp
 28747 | Swamp:4  | Got a decaying rune of Zot
 28773 | Swamp:4  | Noticed a thorn hunter
 28800 | Swamp:4  | Killed a thorn hunter
 29057 | Swamp:4  | Noticed a thorn hunter
 29074 | Swamp:4  | Killed a thorn hunter
 29757 | Lair:3   | Reached XP level 17. HP: 114/182 MP: 23/23
 29892 | Snake:1  | Reached skill level 10 in Invocations
 30289 | Snake:1  | Reached skill level 15 in Fighting
 30478 | Snake:1  | Noticed Donald
 30504 | Snake:1  | Killed Donald
 30896 | Snake:1  | Reached skill level 10 in Dodging
 31008 | Snake:1  | Noticed Jorgrun
 31200 | Snake:1  | Killed Jorgrun
 31381 | Snake:2  | Got a fine robe
 31382 | Snake:2  | Identified the cursed +1 robe of Uskayaw's Wrath {rN+
                  | Dex+8} (You found it on level 2 of the Snake Pit)
 33936 | Snake:4  | Entered Level 4 of the Snake Pit
 34630 | Snake:4  | Reached skill level 16 in Fighting
 35235 | Snake:4  | Reached XP level 18. HP: 186/196 MP: 24/24
 37052 | Snake:4  | Got a serpentine rune of Zot
 37615 | Depths:1 | Entered Level 1 of the Depths
 37620 | Depths:1 | Noticed Bai Suzhen
 37711 | D:15     | Killed Bai Suzhen
 37711 | D:15     | Reached skill level 17 in Fighting
 37989 | Elf:1    | Entered Level 1 of the Elven Halls
 38686 | Elf:1    | Identified Asmodeus's Tome of Conjuration
 39286 | Elf:2    | Reached XP level 19. HP: 202/209 MP: 25/25
 39357 | Elf:2    | Cast into level 2 of the Abyss (a deep elf sorcerer)
 39357 | Abyss:2  | Found a corrupted altar of Lugonu.
 39379 | Abyss:2  | Found a corrupted altar of Lugonu.
 39519 | Abyss:2  | Reached skill level 10 in Shields
 39535 | Elf:2    | Escaped the Abyss
 39681 | Elf:2    | Found Ataika's Armour Boutique.
 39881 | Elf:2    | Noticed Aizul
 39894 | Elf:2    | Noticed a Brimstone Fiend
 39894 | Elf:2    | Killed Aizul
 40323 | Elf:2    | Found a huge runed translucent gate.
 40323 | Elf:2    | Found a huge runed translucent gate.
 40323 | Elf:2    | Found a huge runed translucent gate.
 40329 | Elf:2    | Found a huge runed translucent gate.
 40329 | Elf:2    | Found a huge runed translucent gate.
 40553 | Vaults:1 | Entered Level 1 of the Vaults
 40794 | Vaults:1 | meem: I'm meem, an infobot run by MalcolmRoseGaming: Type
                  | !submeem to keep me in your games; !nomeem to shut me up
                  | forever; !meem for help; !whymeem if you want to know why
                  | meem exists. Visit http://youtube.com/malcolmrosegaming for
                  | more DCSS content.
 41612 | Vaults:1 | Reached skill level 18 in Fighting
 41827 | Vaults:1 | Found Zepniyrgh's Food Shop.
 43512 | Vaults:2 | You fall into a shaft and drop 2 floors!
 43849 | Vaults:3 | Found a staircase to the Crypt.
 43879 | Vaults:3 | Reached XP level 20. HP: 183/223 MP: 26/26
 44137 | Vaults:3 | Paralysed by an ogre mage for 2 turns
 44162 | Vaults:3 | Paralysed by an ogre mage for 2 turns
 44253 | Vaults:3 | Noticed Asterion
 44282 | Vaults:3 | Killed Asterion
 45462 | Vaults:2 | Corrupted Vaults:2
 45821 | Vaults:2 | Reached skill level 19 in Fighting
 45826 | Vaults:2 | Paralysed by a sphinx for 7 turns
 49116 | Depths:1 | Reached XP level 21. HP: 51/235 MP: 21/27
 49660 | Depths:1 | Found a gateway to Hell.
 49974 | Depths:1 | Found a one-way gate leading to the halls of Pandemonium.
 50109 | Depths:1 | Found a burning altar of Makhleb.
 50754 | Depths:2 | Noticed a caustic shrike
 51508 | Depths:2 | Banished a caustic shrike
 51624 | Depths:2 | Reached skill level 20 in Fighting
 51834 | Depths:2 | Noticed a caustic shrike
 51835 | Depths:2 | Banished a caustic shrike
 52139 | Depths:3 | Reached skill level 15 in Shields
 53000 | Depths:3 | Noticed a caustic shrike
 53003 | Depths:3 | Banished a caustic shrike
 53025 | Depths:3 | Paralysed by an ogre mage for 3 turns
 53345 | Depths:3 | Reached XP level 22. HP: 113/249 MP: 28/28
 53359 | Depths:3 | Reached skill level 21 in Fighting
 53625 | Depths:3 | Noticed a juggernaut
 53635 | Depths:3 | Killed a juggernaut
 54468 | Depths:4 | You fall into a shaft and drop 1 floor!
 54468 | Depths:5 | Entered Level 5 of the Depths
 54753 | Depths:5 | Found a gate to the Realm of Zot.
 54809 | Depths:5 | Noticed the Enchantress
 54880 | Depths:5 | Corrupted Depths:5
 54880 | Depths:5 | Noticed Boris
 54906 | Depths:5 | Killed the Enchantress
 54912 | Depths:5 | Killed Boris
 55087 | Depths:4 | Reached skill level 22 in Fighting
 55608 | Depths:4 | Noticed a golden dragon
 55612 | Depths:4 | Paralysed by a vampire knight for 2 turns
 55864 | Depths:5 | Killed a golden dragon
 56180 | Depths:4 | Paralysed by a floating eye for 4 turns
 56384 | Depths:4 | Noticed a caustic shrike
 56510 | Depths:4 | Banished a caustic shrike
 56546 | Depths:4 | Noticed a golden dragon
 56559 | Depths:4 | Killed a golden dragon
 56604 | Depths:4 | Reached skill level 5 in Throwing
 56632 | Depths:4 | Noticed a golden dragon
 56646 | Depths:4 | Killed a golden dragon
 56646 | Depths:4 | Reached XP level 23. HP: 191/265 MP: 29/29
 56692 | Depths:4 | Identified the +6 falchion "Sisairi" {freeze, MR++}
 57553 | Depths:5 | Found a snail-covered altar of Cheibriados.
 57580 | Depths:5 | Found a gateway to a ziggurat.
 57605 | Depths:5 | Gained mutation: Your magical capacity is low. (-10% MP) [a
                  | shining eye]
 57606 | Depths:5 | Paralysed by a floating eye for 2 turns
 57607 | Depths:5 | Gained mutation: You tend to lose your temper in combat. [a
                  | shining eye]
 57609 | Depths:5 | Gained mutation: You are weak. (Str -2) [a shining eye]
 57614 | Depths:5 | Paralysed by a floating eye for 4 turns
 57853 | Depths:5 | Lost mutation: You are weak. (Str -2) [potion of mutation]
 57853 | Depths:5 | Lost mutation: You expend magic power (3 MP) to strengthen
                  | your wands. [potion of mutation]
 57853 | Depths:5 | Lost mutation: Your mind is acute. (Int +2) [potion of
                  | mutation]
 57853 | Depths:5 | Lost mutation: Your magical capacity is low. (-10% MP)
                  | [potion of mutation]
 57853 | Depths:5 | Gained mutation: You are partially covered in molten
                  | scales. (AC +2) [potion of mutation]
 57853 | Depths:5 | Lost mutation: You have supernaturally acute eyesight.
                  | (SInv) [potion of mutation]
 57853 | Depths:5 | Gained mutation: You are agile. (Dex +2) [potion of
                  | mutation]
 57854 | Depths:5 | Lost mutation: You are agile. (Dex +2) [potion of mutation]
 57854 | Depths:5 | Lost mutation: You tend to lose your temper in combat.
                  | [potion of mutation]
 57854 | Depths:5 | Gained mutation: You have large cloven feet. [potion of
                  | mutation]
 57854 | Depths:5 | Gained mutation: Your flesh is heat resistant. (rF+)
                  | [potion of mutation]
 58580 | Elf:3    | Entered Level 3 of the Elven Halls
 58878 | Elf:3    | Got a polished glaive
 58984 | Elf:3    | Noticed Saint Roka
 59002 | Elf:3    | Killed Saint Roka
 59387 | Elf:3    | Noticed Louise
 59412 | Elf:3    | Killed Louise
 59596 | Elf:3    | Corrupted Elf:3
 60072 | Elf:3    | Identified the +5 long sword of the Other Side {pain, rC+}
 60128 | Elf:3    | Identified the ring "Igoff" {+Fly Str+3}
 60351 | Elf:3    | Got a scorched mace
 60361 | Elf:3    | Identified the amulet of Nuoguhie {rPois Regen+ MP-9 Str+9
                  | Int-5}
 60424 | Elf:3    | Got an ancient bronze ring
 60444 | Elf:3    | Identified the ring of the Slug {+Fly Dex+6 Stlth+} (You
                  | found it on level 3 of the Elven Halls)
 60461 | Elf:3    | Identified Sif Muna's Incunabulum of Fetching Transmutation
 60582 | Elf:3    | Identified the Catalogue of Scorching Displacement
 60945 | Depths:4 | Voluntarily entered the Abyss.
 60954 | Abyss:1  | Banished a caustic shrike
 61014 | Abyss:1  | Killed a caustic shrike
 61044 | Abyss:1  | Found a corrupted altar of Lugonu.
 61243 | Depths:4 | Escaped the Abyss
 61320 | Depths:4 | Voluntarily entered the Abyss.
 61363 | Abyss:1  | Found a corrupted altar of Lugonu.
 61554 | Abyss:1  | Lost intelligence.
 61769 | Abyss:1  | Gained mutation: You are clumsy. (Dex -2) [a neqoxec]
 61771 | Abyss:1  | Gained mutation: Armour fits poorly on your strangely
                  | shaped body. [a neqoxec]
 61778 | Abyss:1  | Lost mutation: You are partially covered in molten scales.
                  | (AC +2) [potion of mutation]
 61778 | Abyss:1  | Lost mutation: Armour fits poorly on your strangely shaped
                  | body. [potion of mutation]
 61778 | Abyss:1  | Lost mutation: You have large cloven feet. [potion of
                  | mutation]
 61778 | Abyss:1  | Gained mutation: You have a pair of small horns on your
                  | head. [potion of mutation]
 61972 | Abyss:2  | Gained mutation: Your magical capacity is low. (-10% MP) [a
                  | neqoxec]
 61973 | Abyss:2  | Gained mutation: Scrolls take you a little longer to read.
                  | [a neqoxec]
 62088 | Abyss:2  | Paralysed by you for 4 turns
 62216 | Abyss:2  | Reached skill level 5 in Evocations
 62400 | Abyss:2  | Gained mutation: You are frail. (-10% HP) [a neqoxec]
 62402 | Abyss:2  | Gained mutation: Scrolls take you longer to read. [a
                  | neqoxec]
 62405 | Abyss:2  | Lost mutation: You are frail. (-10% HP) [potion of
                  | mutation]
 62405 | Abyss:2  | Lost mutation: You have a pair of small horns on your head.
                  | [potion of mutation]
 62405 | Abyss:2  | Lost mutation: Your flesh is heat resistant. (rF+) [potion
                  | of mutation]
 62405 | Abyss:2  | Gained mutation: Scrolls take you much longer to read.
                  | [potion of mutation]
 62405 | Abyss:2  | Gained mutation: You are very clumsy. (Dex -4) [potion of
                  | mutation]
 62405 | Abyss:2  | Lost mutation: Scrolls take you much longer to read.
                  | [potion of mutation]
 62405 | Abyss:2  | Gained mutation: Your mind is acute. (Int +2) [potion of
                  | mutation]
 62517 | Abyss:2  | Gained mutation: Armour fits poorly on your strangely
                  | shaped body. [a neqoxec]
 62826 | Abyss:2  | Paralysed by accursed screaming for 1 turns
 62828 | Depths:4 | Escaped the Abyss
 63210 | Vaults:5 | Entered Level 5 of the Vaults
 63784 | Vaults:5 | Corrupted Vaults:5
 63787 | Vaults:5 | HP: 9/266 [vault guard/+0 dire flail (11)]
 63787 | Vaults:5 | Slain by an ironheart preserver

Illustrated notes

Levels and vault maps discovered:
D:1:      saegor_arrival_simple_d, layout_basic
D:2:      layout_loops_ring, grunt_ministairs_3
D:3:      kennysheep_slugbush, layout_basic, first_ration, uniq_jessica
D:4:      layout_basic, gammafunk_temple_overflow_elements
D:5:      layout_cave_pools
D:6:      cheibrodos_thug_alley, layout_layer_cave
D:7:      layout_loops_corners, minitemple, nemelex_xobeh_ov_fountains_minmay,
          minmay_temple_entry_offerings, enter_bailey_3, grunt_livestock,
          uniq_duvessa
D:8:      layout_loops_cross, kennysheep_mini_moat, erik_lair_orcish_takeover,
          gammafunk_ghost_spectres, grunt_decor_clamped, lightli_corner_chamber
D:9:      layout_rooms, kennysheep_little_box, orc_0_dummy,
          nicolae_tso_swordbearing_angel
D:10:     layout_long_grid, uniq_maggie
D:11:     layout_small_grid
D:12:     layout_long_grid, uniq_snorg, uniq_frances
D:13:     layout_basic, basic_altar
D:14:     layout_basic, david_vaults_2, small_statue_alley_a
D:15:     gammafunk_depths_entry_grave, layout_small_grid, elyvilon_altar_3,
          serial_shops, shop
Lair:1:   layout_roguey [special_room_bee], chequers_serial_rivers_large_a
Lair:2:   layout_long_grid, gammafunk_ghost_split, lemuel_fruit_tree, uniq_erica
Lair:3:   layout_layer_cave, minmay_snake_entry_guardpost_small, basic_altar,
          beast_lair_carwin_10
Lair:4:   layout_cellular_growth, swamp_mist_pool, kennysheep_basilisk_garden,
          infiniplex_staircase_pool, serial_bayou_shore_a
Lair:5:   beast_lair_carwin_large_3, layout_long_grid, slime_dummy
Lair:6:   gammafunk_lair_ancient_temple, layout_hall_layers, lemuel_oklob_altar
Swamp:1:  layout_falls_marsh, ebering_ghost_inner_flame,
          evilmike_swamp_ruin_house_2, uniq_kirke, uniq_nikola
Swamp:2:  layout_basic_swamp, hangedman_swamp_pad
Swamp:3:  layout_basic_swamp, hangedman_swamp_ruin_wall
Swamp:4:  swamp, layout_basic_swamp
Snake:1:  layout_misc_corridors, uniq_donald, uniq_jorgrun
Snake:2:  layout_honeycomb
Snake:3:  layout_gridlike, grunt_megastairs_1, serial_bayou_shore_b
Snake:4:  snake_pit_salamanders_mu, layout_cave_town,
          nicolae_snake_linked_coils, st_stairs_10
Orc:1:    layout_diamond_mine, gammafunk_ghost_abyssal_escape, basic_altar,
          uniq_fannar, uniq_harold
Orc:2:    st_orc_pillars, layout_caves, portal_ice_cave_entry_imps, uniq_azrael
Elf:1:    minmay_elf_arrival_summoners, layout_onion_city,
          minmay_elf_annihilation
Elf:2:    layout_geoelf_diagonals, serial_shops, nicolae_shop_crystal,
          uniq_aizul
Elf:3:    minmay_elf_hall_furrowed, layout_geoelf_diagonals, uniq_louise,
          uniq_saint_roka
Vaults:1: nicolae_vaults_windows_and_doors_thing, nicolae_vaults_display_case,
          ontoclasm_vaults_hangar, ontoclasm_vaults_bender,
          ontoclasm_vaults_claustrophobia, v_alt_pattern_1,
          ontoclasm_vaults_ligature, vaults_room_mumra_shop_pool,
          vaults_room_corners, hangedman_vaults_nails, nicolae_vaults_rhombus_5,
          v_misc_4, grunt_vaults_hallway_short, layout_vaults_big_room
Vaults:2: ontoclasm_vaults_chip, hangedman_vaults_variations,
          nicolae_vaults_mini_display_case, ontoclasm_vaults_ring_square,
          ontoclasm_vaults_ring_square, nicolae_vaults_diagonal_hallway_8,
          v_misc_27, dpeg_vaults_monster_box, vaults_mumra_minichess,
          st_diamondy, vaults_dpeg_diagonal, vaults_room_ringed_pool,
          layout_vaults_maze
Vaults:3: minmay_crypt_entry_simple_statues, vaults_mumra_minichess_inversion,
          ontoclasm_vaults_misaligned, nicolae_vaults_little_squares_2,
          vaults_room_hallway, vaults_room_fours, layout_vaults_quadrants,
          uniq_asterion, uniq_margery
Vaults:4: nicolae_vaults_network_star, nicolae_vaults_network_barrier, v_misc_3,
          nicolae_vaults_alarming, hangedman_vaults_stream,
          vaults_room_semicircle, v_misc_22, hangedman_vaults_nails,
          ontoclasm_vaults_tryst, v_alt_pattern_4,
          nicolae_vaults_little_squares_6, nicolae_vaults_angled_halls,
          layout_vaults_omnibox
Vaults:5
Depths:1: layout_gridlike, rand_demon_pan_entry_3, lemuel_crystal_altar,
          pf_hell_entry_tar_river, hangedman_decor_riveting,
          hangedman_decor_diamond_cutter, serial_sigils_hangedman_leer,
          kennysheep_crisscross, minmay_fire_ice_demons, uniq_bai_suzhen
Depths:2: minmay_octo_star, layout_basic, hell_entry
Depths:3: cheibrodos_leafed_vault, layout_basic, minmay_door_square,
          rand_demon_pan_entry_8, grunt_hell_entry_dis_mu
Depths:4: minmay_nested_s, layout_basic, minmay_room_of_horrors, pf_coc_iceberg,
          minmay_staircase_statues, serial_bayou_shore_b
Depths:5: grunt_zot_entry_tricorne, layout_gridlike, enter_ziggurat_c,
          marbit_kobold_abyss_entry, hell_entry, roderic_lattice_a, st_stairs_1,
          cheibriados_altar_1, uniq_enchantress, uniq_boris

Skill      XL: |  1  2  3  4  5  6  7  8  9 10 11 12 13 14 15 16 17 18 19 20 21 22 23 |
---------------+----------------------------------------------------------------------+-----
Unarmed Combat | 1 2 3 4 6 7 9 10 11 13 14 15 16 17 | 17.1
Fighting       | 3 4 5 6 7 8 10 11 13 14 16 17 18 19 20 22 | 22.7
Invocations    | 4 5 8 9 10 | 10.0
Shields        | 6 9 12 13 15 | 15.0
Throwing       | 1 5 9 |  9.9
Dodging        | 4 7 9 11 13 14 | 14.2
Evocations     | 2 5 |  5.0
Maces & Flails | |  1.7

Action                   |  1- 3 |  4- 6 |  7- 9 | 10-12 | 13-15 | 16-18 | 19-21 | 22-24 || total
-------------------------+-------+-------+-------+-------+-------+-------+-------+-------++-------
Melee: Unarmed           |    91 |   215 |   314 |   679 |  1453 |  1506 |  1887 |  1300 ||  7445
       Punch             |     2 |     4 |     6 |    38 |       |       |       |       ||    50
       Kick              |       |       |       |       |       |       |       |   127 ||   127
       Headbutt          |       |       |       |       |       |       |       |    52 ||    52
Throw: Stone             |       |       |       |       |     1 |       |       |       ||     1
       Large rock        |       |       |       |       |     3 |     5 |       |    17 ||    25
Invok: Depart the Abyss  |     1 |       |       |       |       |       |       |     1 ||     2
       Banish            |       |       |       |    10 |    18 |    16 |     8 |     8 ||    60
       Bend Space        |       |       |       |       |     1 |     1 |       |     6 ||     8
       Corrupt           |       |       |       |       |       |       |     1 |     3 ||     4
 Abil: Evoke Flight      |       |       |       |       |     4 |     2 |       |     1 ||     7
Evoke: Wand              |       |       |       |     2 |     3 |     6 |     8 |     2 ||    21
       Phantom mirror    |       |       |       |       |       |       |       |     1 ||     1
  Use: Potion            |       |     8 |     2 |     3 |     5 |     2 |     4 |    11 ||    35
       Scroll            |       |     6 |     4 |     5 |    14 |     9 |    12 |    14 ||    64
 Stab: Confused          |       |       |       |       |     5 |     4 |       |       ||     9
       Invisible         |       |       |       |       |       |       |       |     3 ||     3
  Eat: Ration            |     1 |     2 |     4 |     9 |    14 |    15 |    16 |    12 ||    73
Armor: Robe              |    45 |    72 |   136 |    51 |       |       |       |       ||   304
       Swamp dragon scal |       |       |       |   260 |   332 |   282 |       |       ||   874
       Storm dragon scal |       |       |       |       |       |    35 |   553 |   119 ||   707
       Gold dragon scale |       |       |       |       |       |       |       |   277 ||   277
Dodge: Dodged            |    57 |    87 |   151 |   272 |   385 |   411 |   471 |   160 ||  1994
Block: Other             |       |       |    19 |   141 |       |       |       |       ||   160
       Reflection        |       |       |       |     2 |    44 |   106 |   126 |    41 ||   319
       Kite shield       |       |       |       |    33 |  1057 |  1009 |   981 |       ||  3080
       Tower shield      |       |       |       |       |       |       |   517 |  1135 ||  1652

Table legend:
 A = Non-vault XP
 B = Vault XP
 C = Vault XP percentage of total XP
 D = Non-vault monster count
 E = Vault monster count
 F = Vault count percentage of total count
                 A         B        C        D         E       F
            +---------+---------+-------+---------+---------+-------
      Total |  562089 |  419375 |  42.7 |    1404 |     623 |  30.7
            +---------+---------+-------+---------+---------+-------
        D:1 |      97 |      14 |  12.6 |      35 |       2 |   5.4
        D:2 |     170 |       0 |   0.0 |      32 |       0 |   0.0
        D:3 |     170 |      73 |  30.0 |      14 |      10 |  41.7
        D:4 |     473 |       0 |   0.0 |      25 |       0 |   0.0
        D:5 |     415 |       0 |   0.0 |      11 |       0 |   0.0
        D:6 |     952 |     110 |  10.4 |      21 |       8 |  27.6
        D:7 |    1376 |    1202 |  46.6 |      27 |      11 |  28.9
        D:8 |    2308 |    2191 |  48.7 |      21 |      12 |  36.4
        D:9 |    2623 |       0 |   0.0 |      19 |       0 |   0.0
       D:10 |    4715 |     398 |   7.8 |      38 |       1 |   2.6
       D:11 |    4420 |       0 |   0.0 |      41 |       0 |   0.0
       D:12 |    6345 |    1050 |  14.2 |      31 |       1 |   3.1
       D:13 |    8395 |       0 |   0.0 |      26 |       0 |   0.0
       D:14 |    8663 |    3113 |  26.4 |      28 |       4 |  12.5
       D:15 |    9725 |   10083 |  50.9 |      17 |       9 |  34.6
     Lair:1 |    2121 |    1832 |  46.3 |       9 |      26 |  74.3
     Lair:2 |    3974 |    3369 |  45.9 |      15 |       7 |  31.8
     Lair:3 |    7280 |    2378 |  24.6 |      18 |      13 |  41.9
     Lair:4 |    3325 |     949 |  22.2 |      18 |       5 |  21.7
     Lair:5 |    3788 |    5724 |  60.2 |      19 |      19 |  50.0
     Lair:6 |    8418 |    8225 |  49.4 |      28 |      22 |  44.0
    Swamp:1 |    9482 |    8089 |  46.0 |      30 |       8 |  21.1
    Swamp:2 |   17102 |       0 |   0.0 |      47 |       0 |   0.0
    Swamp:3 |   16825 |       0 |   0.0 |      32 |       0 |   0.0
    Swamp:4 |   16277 |   18957 |  53.8 |      48 |      29 |  37.7
    Snake:1 |   13436 |    4891 |  26.7 |      24 |       2 |   7.7
    Snake:2 |   11988 |       0 |   0.0 |      22 |       0 |   0.0
    Snake:3 |   19576 |    1766 |   8.3 |      34 |       2 |   5.6
    Snake:4 |   21935 |   52207 |  70.4 |      33 |      71 |  68.3
      Orc:1 |    5086 |    1904 |  27.2 |      42 |       2 |   4.5
      Orc:2 |    2507 |   12672 |  83.5 |      33 |      78 |  70.3
      Elf:1 |   20042 |    5185 |  20.6 |      32 |       8 |  20.0
      Elf:2 |   12414 |    2024 |  14.0 |      22 |       2 |   8.3
      Elf:3 |   12515 |   20702 |  62.3 |      23 |      20 |  46.5
   Vaults:1 |   30768 |   19917 |  39.3 |      59 |      27 |  31.4
   Vaults:2 |   25974 |   19378 |  42.7 |      40 |      23 |  36.5
   Vaults:3 |   19440 |   17193 |  46.9 |      34 |      19 |  35.8
   Vaults:4 |   22536 |   20170 |  47.2 |      41 |      34 |  45.3
   Depths:1 |   27299 |    9276 |  25.4 |      38 |      28 |  42.4
   Depths:2 |   18377 |   23268 |  55.9 |      23 |      10 |  30.3
   Depths:3 |   34719 |   44285 |  56.1 |      44 |      25 |  36.2
   Depths:4 |   17781 |   53226 |  75.0 |      19 |      51 |  72.9
   Depths:5 |   39420 |   32929 |  45.5 |      44 |      31 |  41.3
    Abyss:1 |   30127 |   10625 |  26.1 |      48 |       3 |   5.9
    Abyss:2 |   36710 |       0 |   0.0 |      99 |       0 |   0.0
            +---------+---------+-------+---------+---------+-------
